 Dungeon Crawl Stone Soup version 0.20-a0-940-g1ecfa5a (webtiles) character file.

1344 Firecrotchwizard the Cudgeler (level 8, -2/51 HPs)
             Began as a Gargoyle Fighter on Mar 30, 2017.
             Was a Believer of Okawaru.
             Killed from afar by GoodGuyCisco's ghost (12 damage)
             ... with a bolt of negative energy
             ... on level 5 of the Dungeon.
             The game lasted 00:10:06 (4432 turns).

Firecrotchwizard the Cudgeler (Gargoyle Fighter)    Turns: 4432, Time: 00:10:07

Health: -2/51      AC: 17    Str: 19    XL:     8   Next: 62%
Magic:  7/8        EV:  5    Int: 10    God:    Okawaru [**....]
Gold:   239        SH:  9    Dex: 11    Spells: 7/7 levels left

rFire    . . .     SeeInvis +   a - +0 flail
rCold    . . .     Gourm    .   c - +0 shield
rNeg     + . .     Faith    .   y - +0 chain mail (curse)
rPois    ∞         Spirit   .   C - +0 hat
rElec    +         Reflect  .   l - +0 cloak
rCorr    +         Harm     .   (no gloves)
MR       .....                  z - +0 pair of boots
Stlth    ..........             (no amulet)
Regen    0.2/turn               h - ring of resist corrosion
MPRegen  0.2/turn               t - ring of see invisible

@: heavily drained
A: negative energy resistance 1, electricity resistance, unbreathing,
petrification resistance, rot immunity, AC +5
a: Heroism, Renounce Religion


You were on level 5 of the Dungeon.
You worshipped Okawaru.
Okawaru was pleased with you.
You were not hungry.

You visited 1 branch of the dungeon, and saw 6 of its levels.

You collected 239 gold pieces.

Inventory:

Hand Weapons
 a - a +0 flail (weapon)
Missiles
 p - 3 tomahawks of returning (quivered)
Armour
 b - a +0 scale mail
 c - a +0 shield (worn)
 l - a +0 cloak (worn)
 y - a cursed +0 chain mail (worn)
 z - a +0 pair of boots (worn)
 C - a +0 hat (worn)
Jewellery
 h - a ring of resist corrosion (left hand)
 t - a ring of see invisible (right hand)
Wands
 G - a wand of iceblast (10/15)
Scrolls
 m - 2 scrolls of fog
 n - 3 scrolls of teleportation
 q - 2 scrolls of amnesia
 v - 3 scrolls of identify {unknown}
 x - 3 scrolls of recharging {unknown}
 E - a scroll of fear {unknown}
 H - a scroll of random uselessness {unknown}
Potions
 d - a potion of might
 e - 2 potions of agility {unknown}
 i - 3 potions of heal wounds {unknown}
 j - a potion of magic {unknown}
 k - 2 potions of invisibility {unknown}
 o - a potion of curing {unknown}
 u - 2 potions of berserk rage {unknown}
 w - a potion of brilliance {unknown}
 A - 2 potions of lignification {unknown}
 D - a potion of degeneration {unknown}
 F - a potion of mutation {unknown}
Comestibles
 f - 3 bread rations
 r - 2 meat rations
 s - 2 royal jellies
 B - 5 fruits


   Skills:
 + Level 6.0(4.5) Fighting
 * Level 6.9(5.3) Maces & Flails
 + Level 5.8(4.2) Armour
 + Level 5.7(4.1) Shields


You had 7 spell levels left.
You didn't know any spells.

Dungeon Overview and Level Annotations

Branches:
Dungeon (6/15)
 Temple: D:4-7

Altars:
Ashenzari
Cheibriados
Dithmenos
Okawaru
Trog
Uskayaw
Wu Jian
The Shining One

Shops:
D:4 :

Annotations:
D:5 GoodGuyCisco's ghost, novice DrTm


Innate Abilities, Weirdness & Mutations

You are resistant to torment.
Your stone body is resilient. (AC +5)
You are immune to poison.
You resist negative energy. (rN+)
You are resistant to electric shocks. (rElec)
You can survive without breathing.
You are immune to petrification.
You are immune to rotting.


Message History

You closely miss GoodGuyCisco's ghost.
GoodGuyCisco's ghost is almost destroyed.
GoodGuyCisco's ghost hits you.
You hit GoodGuyCisco's ghost but do no damage.
GoodGuyCisco's ghost is almost destroyed.
You feel like a meek peon again.
You block GoodGuyCisco's ghost's attack.
You miss GoodGuyCisco's ghost.
GoodGuyCisco's ghost is almost destroyed.
GoodGuyCisco's ghost breathes negative energy at you.
The bolt of negative energy hits you! You partially resist.
You feel drained.
* * * LOW HITPOINT WARNING * * *
You barely miss GoodGuyCisco's ghost.
GoodGuyCisco's ghost is almost destroyed.
GoodGuyCisco's ghost hits you but does no damage.
You hit GoodGuyCisco's ghost but do no damage.
GoodGuyCisco's ghost is almost destroyed.
GoodGuyCisco's ghost breathes negative energy at you.
The bolt of negative energy hits you! You partially resist.
You feel drained.
You die...

.÷##.#(..........##..........#...
#.##.#...........#####'#...#.#..#
.)...#..<........#####.#.###.#..#
.###.#...........'..<..#.....#..#
...#.#...........######...####..#
##.# #...........#..#.'....>....#
# ...........###....#.#....####.#
# ..........# #W#.##.#....#....#
..........# #@#....#....#.##.#
..#.#......# #.####........####
..._. .###.#.##.#####......
##..#.# #....................
....... #.#.>#....#####...##.
....... #.#.#...#.........##.
...##########.#.#...#.######...'.
...##.........#.#...#.######'###.
..###.###.......#...#.##.........


You could see GoodGuyCisco's ghost.

Vanquished Creatures
  A hippogriff (D:4)
  Menkaure (D:4)
  An ice beast (D:6)
  A phantom (D:4)
  2 centaurs
  A bullfrog (D:6)
  4 crimson imps
  2 hounds
  2 orc wizards (D:4)
  An iguana (D:5)
  6 worker ants
  Natasha (D:4)
  8 adders
  An ooze (D:3)
  An adder zombie (D:5)
  An adder skeleton (D:2)
  A worm (D:4)
  2 dart slugs (D:4)
  2 leopard geckos
  13 orcs
  A ball python (D:3)
  3 bat skeletons (D:2)
  2 bat zombies (D:2)
  7 giant cockroaches
  8 goblins
  5 hobgoblins
  11 jackals
  5 kobolds
  5 quokkas
  4 bats
  3 frilled lizards
  7 rats
113 creatures vanquished.

Notes
Turn   | Place    | Note
-------+----------+-------------------------------------------
     0 | D:1      | Firecrotchwizard the Gargoyle Fighter began the quest for the Orb.
     0 | D:1      | Reached XP level 1. HP: 14/14 MP: 1/1
   206 | D:1      | Reached XP level 2. HP: 19/19 MP: 2/2
   778 | D:1      | Reached XP level 3. HP: 20/24 MP: 3/3
  1394 | D:2      | Reached XP level 4. HP: 29/29 MP: 4/4
  1597 | D:3      | Found a shadowy altar of Dithmenos.
  1600 | D:3      | Found a glowing golden altar of the Shining One.
  1600 | D:3      | Found a bloodstained altar of Trog.
  1603 | D:3      | Found a hide-covered altar of Uskayaw.
  1605 | D:3      | Found a snail-covered altar of Cheibriados.
  1606 | D:3      | Found an ornate altar of the Wu Jian Council.
  1607 | D:3      | Found an iron altar of Okawaru.
  1610 | D:3      | Became a worshipper of Warmaster Okawaru
  1979 | D:3      | Reached XP level 5. HP: 29/33 MP: 5/5
  2354 | D:3      | You fall through a shaft for 3 floors!
  2356 | D:6      | Noticed an ice beast
  2362 | D:6      | Killed an ice beast
  2367 | D:6      | Reached XP level 6. HP: 39/39 MP: 6/6
  2429 | D:6      | Reached * piety under Okawaru
  2492 | D:5      | Entered Level 5 of the Dungeon
  2539 | D:4      | Reached skill level 5 in Maces & Flails
  2539 | D:4      | Reached XP level 7. HP: 43/44 MP: 7/7
  2569 | D:4      | Noticed a hippogriff
  2588 | D:4      | Killed a hippogriff
  2588 | D:4      | Reached skill level 5 in Fighting
  2795 | D:4      | Noticed Menkaure
  2802 | D:4      | Killed Menkaure
  2802 | D:4      | Reached skill level 5 in Armour
  2802 | D:4      | Reached skill level 5 in Shields
  2836 | D:4      | Found Ynlery's Book Emporium.
  2844 | D:4      | Reached ** piety under Okawaru
  2851 | D:4      | Reached XP level 8. HP: 42/50 MP: 8/8
  3647 | D:4      | Noticed Natasha
  3652 | D:4      | Killed Natasha
  3959 | D:5      | Found a shattered altar of Ashenzari.
  4394 | D:5      | Noticed GoodGuyCisco's ghost (novice DrTm)
  4432 | D:5      | Killed from afar by GoodGuyCisco's ghost

Vault maps used:
D:1:      lightli_arrival_chessboard, minmay_surrounded
D:2:      serial_undead, serial_undead_e, serial_undead_a, serial_undead_a,
          serial_undead_b, serial_undead_b, minmay_misc_feat_columns
D:3:      minitemple, nrook_mini_vaults
D:4:      serial_shops, shop, uniq_menkaure, uniq_natasha
D:5:      first_bread, ashenzari_altar_1, uniq_edmund
D:6:      lemuel_flame_loot_1

Skill      XL: |  1  2  3  4  5  6  7  8 |
---------------+-------------------------+-----
Maces & Flails | 3 4 5 6 |  6.9
Fighting       | 4 5 6 |  6.0
Armour         | 4 5 |  5.8
Shields        | 4 5 |  5.7

Action                   |  1- 3 |  4- 6 |  7- 9 || total
-------------------------+-------+-------+-------++-------
Melee: Flail             |   144 |   151 |   346 ||   641
Invok: Heroism           |       |       |     3 ||     3
  Use: Scroll            |       |       |     5 ||     5
  Eat: Chunk             |     2 |     4 |     7 ||    13
Armor: Scale mail        |    70 |       |       ||    70
       Chain mail        |    15 |   125 |   231 ||   371
Dodge: Dodged            |    48 |    32 |    61 ||   141
Block: Shield            |    69 |    76 |   173 ||   318
